 Dungeon Crawl Stone Soup version 0.21-a0-67-g3f13d09 (webtiles) character file.

3649 xgamer67 the Poker (level 10, -3/74 HPs)
             Began as a Human Gladiator on June 17, 2017.
             Was an Elder of Okawaru.
             Slain by a gargoyle
             ... wielding a +0 mace of venom
              (15 damage)
             ... on level 7 of the Dungeon.
             The game lasted 00:24:48 (8216 turns).

xgamer67 the Poker (Human Gladiator)                Turns: 8216, Time: 00:24:49

Health: -3/74      AC:  9    Str: 17    XL:     10   Next: 33%
Magic:  14/14      EV: 14    Int:  9    God:    Okawaru [****..]
Gold:   400        SH:  6    Dex: 15    Spells: 11/14 levels left

rFire    . . .     SeeInvis +   a - +0 trident (freeze)
rCold    . . .     Gourm    .   I - +2 buckler
rNeg     . . .     Faith    .   F - +0 leather armour (curse)
rPois    .         Spirit   .   v - +2 helmet
rElec    .         Reflect  .   B - +0 cloak
rCorr    .         Harm     .   (no gloves)
MR       .....                  H - +0 pair of boots
Stlth    +.........             E - amulet of regeneration
HPRegen  0.62/turn              j - ring of see invisible
MPRegen  0.14/turn              x - +5 ring of slaying

@: lethally poisoned (-3 -> -4)
A: no striking features
a: Heroism, Renounce Religion


You were on level 7 of the Dungeon.
You worshipped Okawaru.
Okawaru was greatly pleased with you.
You were near starving.

You visited 1 branch of the dungeon, and saw 7 of its levels.

You collected 400 gold pieces.

Inventory:

Hand Weapons
 a - a +0 trident of freezing (weapon)
Missiles
 d - 4 throwing nets
 k - 11 tomahawks (quivered)
Armour
 v - a +2 helmet (worn)
 y - a +0 chain mail
 B - a +0 cloak (worn)
 F - a cursed +0 leather armour (worn)
 H - a +0 pair of boots (worn)
 I - a +2 buckler (worn)
 K - a +0 scale mail
Jewellery
 c - an uncursed ring of magical power
 j - a ring of see invisible (left hand)
 x - a +5 ring of slaying (right hand)
 A - an uncursed ring of ice
 E - an amulet of regeneration (around neck)
Wands
 o - a wand of lightning (0/15)
 p - a wand of iceblast (15/15)
 t - a wand of clouds (5/9)
 z - a wand of confusion (7/48)
Scrolls
 b - 3 scrolls of recharging
 e - a scroll of identify
 C - a scroll of teleportation
 G - a scroll of acquirement
 M - 2 scrolls of remove curse
Potions
 h - 2 potions of ambrosia
 m - 2 potions of haste
 n - 3 potions of curing
 q - a potion of agility
 r - a potion of cancellation
 s - 3 potions of degeneration
 w - a potion of flight
 D - a potion of heal wounds
 J - 2 potions of lignification
 L - a potion of brilliance
Books
 l - Sif Muna's Handbook of Good Luck
   (You found it on level 6 of the Dungeon)

   Spells                             Type                      Level
   a - Infusion                       Charms                       1
   b - Regeneration                   Charms/Necromancy            3
   c - Spectral Weapon                Hexes/Charms                 3
   d - Iskenderun's Battlesphere      Conjuration/Charms           5
   e - Deflect Missiles               Charms/Air                   6
 u - a book of Misfortune

   Spells                             Type                      Level
   a - Confusing Touch                Hexes                        1
   b - Confuse                        Hexes                        3
   c - Gell's Gravitas                Translocation                3
   d - Petrify                        Transmutation/Earth          4
   e - Metabolic Englaciation         Hexes/Ice                    5
   f - Yara's Violent Unravelling     Hexes/Transmutation          5
Comestibles
 f - 5 bread rations
 g - 4 fruits
 i - 5 meat rations


   Skills:
 - Level 5.0 Fighting
 + Level 7.7 Polearms
 - Level 2.0 Throwing
 - Level 5.0 Armour
 - Level 5.1 Dodging
 + Level 2.4 Shields
 + Level 2.9 Spellcasting
 + Level 2.8 Charms
 + Level 1.7 Translocations
 - Level 5.0 Invocations
 - Level 5.0 Evocations


You had 11 spell levels left.
You knew the following spells:

 Your Spells              Type           Power        Failure   Level  Hunger
a - Infusion              Chrm           #...         14%         1    ##.....
b - Shroud of Golubria    Chrm/Tloc      #.........   26%         2    ###....


Dungeon Overview and Level Annotations

Branches:
Dungeon (7/15)             Temple (0/1) D:4

Altars:
Ashenzari
Dithmenos
Kikubaaqudgha
Makhleb
Okawaru
Qazlal
Trog


Message History

* * * LOW HITPOINT WARNING * * *
You are too injured to fight recklessly!
You are too injured to fight recklessly!
You hit the gargoyle but do no damage.
The gargoyle is severely damaged.
The gargoyle barely misses you.
You barely miss the gargoyle.
The gargoyle is severely damaged.
The gargoyle hurls a stone arrow at you.
The stone arrow hits you!
* * * LOW HITPOINT WARNING * * *
You feel much better.
The gargoyle hits you with a mace of venom!
* * * LOW HITPOINT WARNING * * *
You are poisoned.
You hit the gargoyle. You freeze the gargoyle.
The gargoyle is almost destroyed.
You feel sick.
The gargoyle hits you with a mace of venom!
You die...

#######...#######...# #.#
##......### ### ###.## #.#
##.###..# ##+.+## #..# #.#
##.# #.###+.....+###.# #.#
##.# #.#8#.......# #.# #.#
##.###...........+##.# #.#
##.##........8....##.###.#
##.##......).....9##.....#
.......#8#......@#?#.#####
######.###+.....)###.#
#..# ##'.'##(#..#
##.###8###.###.##
#...#######...#
####.........####
#...............#
#.....<.#.......#
######.......#.#####.#


You could see a gargoyle.

Vanquished Creatures
  2 gargoyles (D:7)
  Grinder (D:6)
  A hippogriff (D:7)
  A wyvern (D:6)
  The ghost of anet the Skirmisher, an amateur MiWn (D:3)
  A hungry ghost (D:7)
  2 orc warriors (D:6)
  An ice beast (D:6)
  An eye of draining (D:6)
  2 phantoms
  3 ogres
  A centaur (D:7)
  A gnoll sergeant (D:7)
  3 bullfrogs
  A scorpion (D:6)
  An electric eel (D:6)
  5 crimson imps
  2 hounds
  6 orc wizards
  Crazy Yiuf (D:2)
  2 orc priests
  2 centaur skeletons
  3 iron imps (D:4)
  2 iguanas
  4 worker ants
  3 gnolls (D:7)
  A worker ant zombie (D:6)
  10 adders
  An ooze (D:3)
  An adder zombie (D:6)
  3 dart slugs (D:4)
  A leopard gecko (D:4)
  29 orcs
  6 bats
  8 giant cockroaches
  8 goblins
  9 hobgoblins
  11 jackals
  10 kobolds
  3 quokkas
  4 frilled lizards
  A giant cockroach zombie (D:5)
  A quokka skeleton (D:4)
  A quokka zombie (D:5)
  7 rats
168 creatures vanquished.

Notes
Turn   | Place    | Note
-------+----------+-------------------------------------------
     0 | D:1      | xgamer67 the Human Gladiator began the quest for the Orb.
     0 | D:1      | Reached XP level 1. HP: 16/16 MP: 1/1
    54 | D:1      | Reached XP level 2. HP: 21/22 MP: 2/2
   223 | D:1      | Reached skill level 4 in Polearms
   223 | D:1      | Reached XP level 3. HP: 24/27 MP: 3/3
   806 | D:2      | Found an iron altar of Okawaru.
   815 | D:2      | Reached XP level 4. HP: 24/33 MP: 4/4
   821 | D:2      | Became a worshipper of Warmaster Okawaru
  1336 | D:3      | Noticed anet's ghost (amateur MiWn)
  1403 | D:4      | Found an ancient bone altar of Kikubaaqudgha.
  1459 | D:4      | Found a staircase to the Ecumenical Temple.
  1504 | D:3      | Reached skill level 5 in Polearms
  2171 | D:4      | Reached XP level 5. HP: 38/38 MP: 5/5
  2309 | D:4      | Found a burning altar of Makhleb.
  2340 | D:5      | Entered Level 5 of the Dungeon
  2433 | D:5      | Reached skill level 6 in Polearms
  2871 | D:5      | Reached XP level 6. HP: 46/46 MP: 6/6
  2873 | D:5      | Reached skill level 1 in Evocations
  3187 | D:5      | Noticed a phantom
  3199 | D:5      | Killed a phantom
  3199 | D:5      | Reached * piety under Okawaru
  3199 | D:5      | Reached XP level 7. HP: 51/53 MP: 8/8
  3884 | D:4      | Reached skill level 1 in Invocations
  3949 | D:4      | Found a stormy altar of Qazlal.
  3952 | D:4      | Noticed a fire elemental
  3952 | D:4      | Noticed an air elemental
  3952 | D:4      | Noticed a water elemental
  4387 | D:3      | Killed anet's ghost
  4387 | D:3      | Reached ** piety under Okawaru
  4387 | D:3      | Reached XP level 8. HP: 52/61 MP: 9/11
  4850 | D:2      | Found a runed door.
  4854 | D:2      | Noticed Crazy Yiuf
  4864 | D:2      | Killed Crazy Yiuf
  4864 | D:2      | Reached skill level 1 in Armour
  5305 | D:6      | Identified Sif Muna's Handbook of Good Luck
  5309 | D:6      | Learned a level 1 spell: Infusion
  5341 | D:6      | Reached skill level 5 in Fighting
  5779 | D:6      | Reached *** piety under Okawaru
  5779 | D:6      | Reached XP level 9. HP: 68/68 MP: 0/12
  5968 | D:6      | Found a bloodstained altar of Trog.
  6079 | D:6      | Reached skill level 5 in Evocations
  6212 | D:6      | Noticed Grinder
  6226 | D:6      | Killed Grinder
  6226 | D:6      | Reached skill level 5 in Invocations
  6368 | D:6      | Reached skill level 5 in Dodging
  6859 | D:6      | Reached skill level 1 in Charms
  6976 | D:6      | Reached **** piety under Okawaru
  7224 | D:7      | Reached skill level 7 in Polearms
  7371 | D:7      | Reached skill level 1 in Spellcasting
  7477 | D:7      | Found a shattered altar of Ashenzari.
  7658 | D:7      | Reached XP level 10. HP: 74/74 MP: 13/13
  7694 | D:7      | Found a shadowy altar of Dithmenos.
  7773 | D:7      | Learned a level 2 spell: Shroud of Golubria
  7916 | D:7      | Reached skill level 5 in Armour
  8110 | D:7      | Reached skill level 1 in Shields
  8131 | D:7      | Noticed a gargoyle
  8151 | D:7      | Killed a gargoyle
  8151 | D:7      | Reached skill level 1 in Translocations
  8165 | D:7      | Identified a scroll of acquirement
  8171 | D:7      | Noticed a gargoyle
  8200 | D:7      | Killed a gargoyle
  8203 | D:7      | Noticed a gargoyle
  8216 | D:7      | Slain by a gargoyle

Vault maps used:
D:1:      moated_graveyard_arrival
D:2:      old_standard_altar, uniq_crazy_yiuf_cottage
D:3:      grunt_ministairs_11
D:4:      marbit_many_paths, demons_altar, nicolae_qazlal_style_of_elements,
          minmay_temple_entry_hall
D:5:      first_bread
D:6:      lightli_temple_of_fire, serial_bayou_ford_a, uniq_grinder
D:7:      cheibrodos_statue_roulette, cheibrodos_ashenzari_chains,
          lemuel_doored_altar

Skill      XL: |  1  2  3  4  5  6  7  8  9 10 |
---------------+-------------------------------+-----
Polearms       | 4 5 6 7 |  7.7
Evocations     | 2 4 5 |  5.0
Fighting       | 3 4 5 |  5.0
Invocations    | 3 4 5 |  5.0
Armour         | 2 4 5 |  5.0
Dodging        | 4 5 |  5.1
Charms         | 2 |  2.8
Spellcasting   | 1 2 |  2.9
Shields        | 2 |  2.4
Translocations | 1 |  1.7
Throwing       | |  2.0

Action                   |  1- 3 |  4- 6 |  7- 9 | 10-12 || total
-------------------------+-------+-------+-------+-------++-------
Melee: Trident           |    96 |   235 |   335 |    78 ||   744
Throw: Tomahawk          |       |       |     4 |       ||     4
 Cast: Infusion          |       |       |     1 |       ||     1
Invok: Heroism           |       |       |     2 |     1 ||     3
Evoke: Wand              |       |       |     7 |     4 ||    11
  Use: Scroll            |       |    15 |     3 |     2 ||    20
       Potion            |       |     2 |       |     1 ||     3
 Stab: Sleeping          |     2 |       |     1 |     1 ||     4
       Distracted        |       |       |     1 |       ||     1
       Confused          |       |       |       |     2 ||     2
  Eat: Chunk             |       |     7 |    15 |     1 ||    23
       Fruit             |       |       |       |     2 ||     2
Armor: Leather armour    |    21 |    33 |     7 |    10 ||    71
       Ring mail         |       |     7 |     6 |       ||    13
       Chain mail        |       |       |    65 |       ||    65
Dodge: Dodged            |    54 |   107 |    97 |    22 ||   280
Block: Buckler           |       |       |       |    15 ||    15
